 Dungeon Crawl Stone Soup version 0.30-a0-359-gd0147acb1a (webtiles) character file.

Game seed: 7976569160879553117

68 experimilk the Conjurer (level 4, -1/33 HPs)
             Began as a Draconian Conjurer on Nov 12, 2022.
             Slain by Crazy Yiuf
             ... wielding a +3 quarterstaff of chaos
              (10 damage)
             ... on level 2 of the Dungeon.
             The game lasted 00:03:30 (1936 turns).

experimilk the Conjurer (Draconian Conjurer)        Turns: 1936, Time: 00:03:30

Health: -1/33      AC:  5    Str:  9    XL:     4   Next: 1%
Magic:  9/16       EV: 12    Int: 20    God:
Gold:   39         SH:  0    Dex: 10    Spells: 0/7 levels left

rFire   . . .      SeeInvis .    a - +0 whip
rCold   . . .      Faith    .    (no shield)
rNeg    . . .      Spirit   .    (body armour unavailable)
rPois   .          Reflect  .    (helmet restricted)
rElec   .          Harm     .    (no cloak)
rCorr   .          Rampage  .    (no gloves)
Will    .....                    (no boots)
Stlth   ++........               (no amulet)
HPRegen 0.25/turn                e - ring of magical power
MPRegen 0.15/turn                (no ring)

@: invisible
A: AC +5, unfitting armour, cold-blooded
a: no special abilities


You were on level 2 of the Dungeon.
You visited 1 branch of the dungeon, and saw 2 of its levels.

You collected 39 gold pieces.

Inventory:

Hand Weapons
 a - a +0 whip (weapon)
Jewellery
 e - a ring of magical power (left hand)
 l - a ring of poison resistance
Scrolls
 f - a scroll of magic mapping {unknown}
 g - a scroll of enchant weapon {unknown}
 h - a scroll of teleportation {unknown}
 j - a scroll of amnesia {unknown}
Potions
 b - a potion of haste
 c - a potion of curing
 d - a potion of attraction
 i - a potion of mutation {unknown}
 k - a potion of degeneration {unknown}


   Skills:
 - Level 1.7 Dodging
 - Level 1.7 Stealth
 - Level 2.0 Spellcasting
 * Level 5.6 Conjurations


You couldn't memorise any spells.
You knew the following spells:

 Your Spells              Type           Power      Damage    Failure   Level
a - Magic Dart            Conj           96%        1d7       1%          1
x - Iskenderun's Mystic   Conj/Tloc      13%        2d5       45%         4
z - Searing Ray           Conj           48%        2d6       2%          2

Your spell library contained the following spells:

 Spells                   Type           Power      Damage    Failure   Level
 Dazzling Flash           Conj/Hex       26%        N/A       16%         3
 Fulminant Prism          Conj/Hex       6%         3d7       45%         4


Dungeon Overview and Level Annotations

Branches:
Dungeon (2/15)

Altars:
Dithmenos

Annotations:
D:2 Crazy Yiuf


Innate Abilities, Weirdness & Mutations

Your plain brown scales are hard. (AC +5)
You cannot fit into any form of body armour.
You are cold-blooded and may be slowed by cold attacks.


Message History

c - Iskenderun's Mystic Blast Adjust (i)tems, (s)pells, or (a)bilities?
Adjust which spell? c - Iskenderun's Mystic Blast Adjust to which letter? x - Iskenderun's Mystic Blast You see here 4 large rocks.
You see here a bat corpse.
Found an escape hatch in the ceiling.
There is an escape hatch in the floor here.
There is a shaft here.
There is a stone staircase leading down here.
Crazy Yiuf shouts!
Could not explore, unopened runed door.
As you open the door, it creaks loudly!
Crazy Yiuf grits, "Rot!"
Casting: Searing Ray (safe; 2% risk of failure)
Confirm with . or Enter, or press ? or * to list all spells.
Aiming: Searing Ray (safe; 2% risk of failure)
Press: ? - help, Shift-Dir - straight line, f - Crazy Yiuf
Aim: Crazy Yiuf, wielding a +3 quarterstaff of chaos and wearing a +0 cloak (82% to hit)
The searing ray hits Crazy Yiuf.
Crazy Yiuf is lightly wounded. (Press . to maintain the ray.) Crazy Yiuf hits you with a +3 quarterstaff of chaos!
Crazy Yiuf freezes you.
The searing ray hits Crazy Yiuf.
Crazy Yiuf is moderately wounded.
Crazy Yiuf hits you with a +3 quarterstaff of chaos.
You fade into invisibility!
The searing ray hits Crazy Yiuf.
Crazy Yiuf is heavily wounded.
Crazy Yiuf hits you with a +3 quarterstaff of chaos!
* * * LOW HITPOINT WARNING * * *
You feel your power leaking away.
The searing ray misses Crazy Yiuf.
You finish channelling your searing ray.
Crazy Yiuf says, "Hack leg sallow!"
Crazy Yiuf hits you with a +3 quarterstaff of chaos!
You die...

#
#....#.........##..######.....
# #....######....###...#
#...... #....# #.........##.#
#...... #....# ##############
#...... #....# #...(.. #....#
♣♣♣♣♣## #...... ##...# ###
♣♣♣.♣...####..... #.#>#
#...#♣..♣..........).. #.#.##
#...g@♣♣♣♣............ #.#..#
#)..#♣♣ ♣♣..#.#...... #.##.#
### ♣♣##........ #.##.#
##....... ##.##.# #.......
#..##.### ###### #.#.....
#.###...# ###....# #.##....
#.# #...# ##...##.# #..#####
#)###...# #..####.# ##..#


You could see Crazy Yiuf (unable to see you).

Vanquished Creatures
  4 gnolls (D:2)
  2 dart slugs
  A bat (D:2)
  An endoplasm (D:2)
  2 giant cockroaches (D:1)
  3 goblins
  A hobgoblin (D:1)
  2 jackals (D:1)
  4 kobolds
  A ball python (D:1)
  2 frilled lizards
  5 rats
28 creatures vanquished.

Notes
Turn   | Place    | Note
-------+----------+-------------------------------------------
     0 | D:1      | experimilk the Draconian Conjurer began the quest for the
                  | Orb.
     0 | D:1      | Reached XP level 1. HP: 14/14 MP: 3/3
   445 | D:1      | Reached XP level 2. HP: 20/20 MP: 1/5
   448 | D:1      | Learned a level 2 spell: Searing Ray
  1264 | D:2      | Found a shadowy altar of Dithmenos.
  1510 | D:2      | Reached skill level 5 in Conjurations
  1510 | D:2      | Reached XP level 3. HP: 26/26 MP: 6/6
  1699 | D:2      | Found a runed translucent door.
  1700 | D:2      | Noticed Crazy Yiuf
  1775 | D:2      | Reached XP level 4. HP: 33/33 MP: 7/7
  1780 | D:2      | Learned a level 4 spell: Iskenderun's Mystic Blast
  1936 | D:2      | Slain by Crazy Yiuf

Illustrated notes

Levels and vault maps discovered:
D:1:      lemuel_arrival_tunnels, layout_basic, minmay_misc_feat_more_columns
D:2:      layout_rooms, basic_altar, serial_glass, glass_columns_a,
          glass_columns_b, uniq_crazy_yiuf_cottage

Skill      XL: |  1  2 |
---------------+-------+-----
Conjurations   | 5 |  5.6
Dodging        | |  1.7
Stealth        | |  1.7
Spellcasting   | |  2.0

Action                   |  1- 3 |  4- 6 || total
-------------------------+-------+-------++-------
Melee: Unarmed           |     2 |       ||     2
 Cast: Magic Dart        |    44 |       ||    44
       Searing Ray       |     8 |     1 ||     9
  Use: Scroll            |     3 |       ||     3
       Potion            |     1 |       ||     1
Armor: Skin              |     3 |       ||     3
Dodge: Dodged            |     6 |       ||     6

Table legend: (Time is in decaauts)
 A = Elapsed time spent in this place.
 B = Non-inter-level travel time spent in this place.
 C = Inter-level travel time spent in this place.
 D = Time resting spent in this place.
 E = Time spent auto-exploring this place.
 F = Levels seen in this place.
 G = Mean time per level.
                   A        B        C        D        E       F      G
               +--------+--------+--------+--------+--------+-----+--------+
         Total |   1934 |   1908 |     26 |    162 |   1569 |   2 |  967.0 |
       Dungeon |   1934 |   1908 |     26 |    162 |   1569 |   2 |  967.0 |
               +--------+--------+--------+--------+--------+-----+--------+

Top non-repeatable levels by time:
     D:1: 1198 daAuts
     D:2: 735 daAuts
